 Dungeon Crawl Stone Soup version 0.25-a0-504-g768f60da87 (webtiles) character file.

Game seed: 13639911656449284281, levelgen mode: deterministic

347 Erk the Grasshopper (level 6, -3/51 HPs)
             Began as a Gnoll Warper on Feb 14, 2020.
             Was an Initiate of Ashenzari.
             Slain by Prince Ribbit (10 damage)
             ... on level 5 of the Dungeon.
             The game lasted 00:15:34 (4695 turns).

Erk the Grasshopper (Gnoll Warper)                  Turns: 4695, Time: 00:15:35

Health: -3/51      AC: 10    Str: 15    XL:     6   Next: 59%
Magic:  6/14       EV:  8    Int: 16    God:    Ashenzari [......]
Gold:   185        SH:  0    Dex: 14    Spells: 10/15 levels left

rFire    + . .     SeeInvis .   q - +0 flail
rCold    . . .     Gourm    .   (no shield)
rNeg     . . .     Faith    .   b - +0 chain mail (curse)
rPois    .         Spirit   .   k - +0 helmet (curse)
rElec    .         Reflect  .   (no cloak)
rCorr    .         Harm     .   (no gloves)
MR       .....                  (no boots)
Stlth    ..........             (no amulet)
HPRegen  0.17/turn              p - ring of protection from fire (curse)
MPRegen  0.14/turn              (no ring)

@: very slightly contaminated
A: distributed training, fangs 1, strong nose
a: Curse Item, Renounce Religion


You were on level 5 of the Dungeon.
You worshipped Ashenzari.
Ashenzari was noncommittal.
You were hungry.

You visited 1 branch of the dungeon, and saw 5 of its levels.

You collected 185 gold pieces.

Inventory:

Hand Weapons
 q - a +0 flail (weapon)
Missiles
 c - 3 boomerangs (quivered)
 e - 3 boomerangs of dispersal
 h - 2 atropa-tipped darts
Armour
 b - a cursed +0 chain mail (worn)
 k - a cursed +0 helmet (worn)
Jewellery
 p - a cursed ring of protection from fire (left hand)
Scrolls
 d - a scroll of blinking
 g - 2 scrolls of enchant armour
 n - a scroll of remove curse
 r - a scroll of amnesia {unknown}
 s - a scroll of teleportation {unknown}
Potions
 j - a potion of invisibility
 l - 2 potions of lignification
 m - 2 potions of brilliance
 o - a potion of curing
Comestibles
 a - a chunk of flesh
 f - 11 rations


   Skills:
 + Level 5.0 Fighting
 + Level 2.0 Short Blades
 + Level 5.0 Long Blades
 + Level 2.0 Axes
 + Level 2.0 Maces & Flails
 + Level 2.0 Polearms
 + Level 2.0 Staves
 + Level 2.0 Slings
 + Level 2.0 Bows
 + Level 2.0 Crossbows
 + Level 3.2 Throwing
 + Level 3.2 Armour
 + Level 5.0 Dodging
 + Level 2.0 Stealth
 + Level 2.0 Shields
 + Level 2.0 Unarmed Combat
 + Level 5.4 Spellcasting
 + Level 1.5 Conjurations
 + Level 1.5 Hexes
 + Level 1.5 Charms
 + Level 1.5 Summonings
 + Level 1.5 Necromancy
 + Level 5.6 Translocations
 + Level 1.5 Transmutations
 + Level 1.5 Fire Magic
 + Level 1.5 Ice Magic
 + Level 1.5 Air Magic
 + Level 1.5 Earth Magic
 + Level 1.5 Poison Magic
 + Level 2.2 Invocations
 + Level 2.0 Evocations


You had 10 spell levels left.
You knew the following spells:

 Your Spells              Type           Power        Failure   Level  Hunger
a - Blink                 Tloc           N/A          41%         2    #......
b - Gell's Gravitas       Tloc           ###.......   65%         3    ###....

Your spell library contained the following spells:

 Spells                   Type           Power        Failure   Level  Hunger
 Lesser Beckoning         Tloc           ###.......   65%         3    ###....
 Teleport Other           Tloc           ###.....     65%         3    ###....
 Shroud of Golubria       Chrm/Tloc      ###...       71%         2    #......
 Passage of Golubria      Tloc           N/A          96%         4    ####...


Dungeon Overview and Level Annotations

Branches:
Dungeon (5/15)
 Temple: D:4-7

Altars:
Ashenzari
Dithmenos
Nemelex Xobeh

Shops:
D:4 (   D:5 %

Annotations:
D:5 Prince Ribbit


Innate Abilities, Weirdness & Mutations

Your experience applies equally to all skills.
You have very sharp teeth.
Your uncanny sense of smell can sniff out nearby items.


Message History

Prince Ribbit blinks!
Prince Ribbit blinks!
Prince Ribbit catches a baby bat with his tongue.
Prince Ribbit lets out a mournful croak.
You see here an uncursed hunting sling.
Casting: Blink (safe; 41% risk of failure)
Confirm with . or Enter, or press ? or * to list all spells.
You miscast Blink.
You are very lightly contaminated with residual magic.
You feel a wrenching sensation. Prince Ribbit closely misses you.
Casting: Blink (safe; 41% risk of failure)
Confirm with . or Enter, or press ? or * to list all spells.
You miscast Blink.
You feel a wrenching sensation. Prince Ribbit barely misses you.
Prince Ribbit closely misses you.
Casting: Blink (safe; 41% risk of failure)
Confirm with . or Enter, or press ? or * to list all spells.
You miscast Blink.
The world appears momentarily distorted!
Prince Ribbit hits you!
You die...

####################
...............F@.>#
###########..##.##.#
###### ##.#..##.#
#...(# #....##.#
###.##.# #.∩.###.#
##...##.####....##.#
..........##.#..##.#
......#.#.##.##.##.#
......#.#..........#


You could see Prince Ribbit.

Vanquished Creatures
  An ogre (D:4)
  A scorpion (D:4)
  A hound (D:5)
  Robin (D:2)
  2 adders
  A howler monkey skeleton (D:5)
  An ooze (D:1)
  5 worms
  2 dart slugs
  6 leopard geckos
  5 orcs
  2 ball pythons (D:4)
  4 giant cockroaches
  20 goblins
  15 hobgoblins
  8 jackals
  A quokka (D:5)
  7 bats
  7 frilled lizards
  12 kobolds
  8 rats
  2 bushes (D:1)
  A plant (D:1)
113 creatures vanquished.

Vanquished Creatures (others)
  2 plants (D:1)
2 creatures vanquished.

Grand Total: 115 creatures vanquished

Notes
Turn   | Place    | Note
-------+----------+-------------------------------------------
     0 | D:1      | Erk the Gnoll Warper began the quest for the Orb.
     0 | D:1      | Reached XP level 1. HP: 20/20 MP: 6/6
    75 | D:1      | Reached XP level 2. HP: 18/26 MP: 7/7
    79 | D:1      | Learned a level 2 spell: Blink
   312 | D:1      | Reached XP level 3. HP: 28/31 MP: 9/9
   332 | D:1      | Reached skill level 5 in Spellcasting
   724 | D:1      | Reached skill level 1 in Invocations
  1307 | D:1      | Paralysed by fainting for 9 turns
  1517 | D:2      | Reached skill level 1 in Short Blades
  1517 | D:2      | Reached skill level 1 in Axes
  1517 | D:2      | Reached skill level 1 in Maces & Flails
  1517 | D:2      | Reached skill level 1 in Polearms
  1517 | D:2      | Reached skill level 1 in Staves
  1517 | D:2      | Reached skill level 1 in Slings
  1517 | D:2      | Reached skill level 1 in Bows
  1517 | D:2      | Reached skill level 1 in Crossbows
  1517 | D:2      | Reached skill level 1 in Stealth
  1517 | D:2      | Reached skill level 1 in Shields
  1517 | D:2      | Reached skill level 1 in Unarmed Combat
  1517 | D:2      | Reached skill level 1 in Evocations
  1554 | D:2      | Reached XP level 4. HP: 19/38 MP: 11/11
  2104 | D:2      | Noticed Robin
  2118 | D:2      | Reached skill level 1 in Conjurations
  2118 | D:2      | Reached skill level 1 in Hexes
  2118 | D:2      | Reached skill level 1 in Charms
  2118 | D:2      | Reached skill level 1 in Summonings
  2118 | D:2      | Reached skill level 1 in Necromancy
  2118 | D:2      | Reached skill level 1 in Transmutations
  2118 | D:2      | Reached skill level 1 in Fire Magic
  2118 | D:2      | Reached skill level 1 in Ice Magic
  2118 | D:2      | Reached skill level 1 in Air Magic
  2118 | D:2      | Reached skill level 1 in Earth Magic
  2118 | D:2      | Reached skill level 1 in Poison Magic
  2451 | D:2      | Killed Robin
  2451 | D:2      | Reached XP level 5. HP: 32/43 MP: 12/12
  2457 | D:2      | Learned a level 3 spell: Gell's Gravitas
  3651 | D:3      | Found a shadowy altar of Dithmenos.
  3802 | D:4      | Found a shattered altar of Ashenzari.
  3810 | D:4      | Became a worshipper of Ashenzari the Shackled
  4051 | D:4      | Noticed an ogre
  4173 | D:4      | Found Mupies's Weapon Emporium.
  4185 | D:4      | Killed an ogre
  4185 | D:4      | Reached XP level 6. HP: 23/50 MP: 9/14
  4426 | D:4      | Found a sparkling altar of Nemelex Xobeh.
  4487 | D:5      | Entered Level 5 of the Dungeon
  4528 | D:5      | Found Bannum's Food Boutique.
  4630 | D:5      | Reached skill level 5 in Fighting
  4630 | D:5      | Reached skill level 5 in Long Blades
  4630 | D:5      | Reached skill level 5 in Dodging
  4631 | D:5      | Noticed Prince Ribbit
  4662 | D:5      | HP: 1/51 [Prince Ribbit (12)]
  4695 | D:5      | Slain by Prince Ribbit

Levels and vault maps discovered:
D:1:      dpeg_arrival_tiny_f, layout_loops_ring, lexackson_kobold_supper
D:2:      layout_basic, chequers_serial_rivers_small_b, minmay_misc_feat_doors,
          uniq_robin
D:3:      layout_basic, marbit_many_paths, first_ration
D:4:      layout_loops_ring, overflow_temple_1_default, serial_shops,
          nicolae_shop_crystal, nemelex_spade_bored_becter
D:5:      layout_basic, temple_doors_e, serial_shops, nicolae_shop_stone,
          minmay_lizard_king, uniq_prince_ribbit1, uniq_crazy_yiuf_cottage,
          uniq_grinder, uniq_pikel

Skill      XL: |  1  2  3  4  5  6 |
---------------+-------------------+-----
Spellcasting   | 5 |  5.4
Invocations    | 1 2 |  2.2
Short Blades   | 1 2 |  2.0
Axes           | 1 2 |  2.0
Maces & Flails | 1 2 |  2.0
Polearms       | 1 2 |  2.0
Staves         | 1 2 |  2.0
Slings         | 1 2 |  2.0
Bows           | 1 2 |  2.0
Crossbows      | 1 2 |  2.0
Stealth        | 1 2 |  2.0
Shields        | 1 2 |  2.0
Unarmed Combat | 1 2 |  2.0
Evocations     | 1 2 |  2.0
Conjurations   | 1 |  1.5
Hexes          | 1 |  1.5
Charms         | 1 |  1.5
Summonings     | 1 |  1.5
Necromancy     | 1 |  1.5
Transmutations | 1 |  1.5
Fire Magic     | 1 |  1.5
Ice Magic      | 1 |  1.5
Air Magic      | 1 |  1.5
Earth Magic    | 1 |  1.5
Poison Magic   | 1 |  1.5
Throwing       | 3 |  3.2
Armour         | 3 |  3.2
Fighting       | 5 |  5.0
Long Blades    | 5 |  5.0
Dodging        | 5 |  5.0
Translocations | |  5.6

Action                   |  1- 3 |  4- 6 || total
-------------------------+-------+-------++-------
Melee: Falchion          |   576 |   120 ||   696
       Bite              |   115 |    25 ||   140
       Punch             |     5 |     3 ||     8
       Flail             |       |   117 ||   117
Throw: Boomerang         |       |    16 ||    16
 Cast: Blink             |       |     5 ||     5
Invok: Curse Item        |       |     3 ||     3
  Use: Scroll            |       |     7 ||     7
       Potion            |       |     2 ||     2
 Stab: Sleeping          |     2 |     3 ||     5
  Eat: Ration            |     1 |       ||     1
       Chunk             |       |    10 ||    10
Armor: Leather armour    |    21 |    31 ||    52
       Ring mail         |       |    14 ||    14
       Chain mail        |       |    18 ||    18
Dodge: Dodged            |   104 |   157 ||   261
       Rpst.: Falchion   |    33 |    22 ||    55

Table legend:
 A = Non-vault XP
 B = Vault XP
 C = Vault XP percentage of total XP
 D = Non-vault monster count
 E = Vault monster count
 F = Vault count percentage of total count
                 A         B        C        D         E       F
            +---------+---------+-------+---------+---------+-------
      Total |     445 |      52 |  10.5 |      90 |      20 |  18.2
            +---------+---------+-------+---------+---------+-------
        D:1 |      53 |      13 |  19.7 |      30 |       7 |  18.9
        D:2 |      63 |      37 |  37.0 |      24 |      12 |  33.3
        D:3 |      62 |       2 |   3.1 |      22 |       1 |   4.3
        D:4 |     200 |       0 |   0.0 |       8 |       0 |   0.0
        D:5 |      67 |       0 |   0.0 |       6 |       0 |   0.0
            +---------+---------+-------+---------+---------+-------
